 Dungeon Crawl Stone Soup version 0.27-a0-46-g34d46f0a3f (webtiles) character file.

Game seed: 1374139556063769804

67 wakim the Digger (level 4, 0/24 HPs)
             Began as a Gargoyle Earth Elementalist on Jan 6, 2021.
             Slain by an adder (4 damage)
             ... on level 2 of the Dungeon.
             The game lasted 00:07:55 (1875 turns).

wakim the Digger (Gargoyle Earth Elementalist)      Turns: 1875, Time: 00:07:56

Health: 0/24       AC:  7    Str: 12    XL:     4   Next: 18%
Magic:  8/8        EV: 11    Int: 16    God:
Gold:   43         SH:  0    Dex:  6    Spells: 5/9 levels left

rFire    . . .     SeeInvis .   e - -3 short sword (curse)
rCold    . . .     Faith    .   (no shield)
rNeg     + . .     Spirit   .   c - +0 robe
rPois    ∞         Reflect  .   d - +1 helmet
rElec    +         Harm     .   (no cloak)
rCorr    .         Rampage  .   (no gloves)
Will     .....                  (no boots)
Stlth    +.........             (no amulet)
HPRegen  0.08/turn              a - -4 ring of dexterity (curse)
MPRegen  0.11/turn              (no ring)

@: no status effects
A: negative energy resistance 1, electricity resistance, unbreathing,
petrification resistance, miasma immunity, AC +3
a: no special abilities


You were on level 2 of the Dungeon.
You visited 1 branch of the dungeon, and saw 2 of its levels.

You collected 43 gold pieces.

Inventory:

Hand Weapons
 e - a cursed -3 short sword (weapon)
 m - a +0 dagger
Missiles
 f - a stone
Armour
 c - a +0 robe (worn)
 d - a +1 helmet (worn)
 k - a +0 tower shield
Jewellery
 a - a cursed -4 ring of dexterity (left hand)
Scrolls
 b - a scroll of teleportation {unknown}
 h - a scroll of enchant armour
 j - 2 scrolls of amnesia
Potions
 l - 2 potions of lignification {unknown}


   Skills:
 - Level 1.5 Dodging
 - Level 2.1 Stealth
 + Level 3.0 Spellcasting
 - Level 0.7 Transmutations
 * Level 5.1 Earth Magic


You had 5 spell levels left.
You knew the following spells:

 Your Spells              Type           Power        Failure   Level
a - Sandblast             Erth           36%          2%          1
b - Stone Arrow           Conj/Erth      20%          21%         3

Your spell library contained the following spells:

 Spells                   Type           Power        Failure   Level
 Passwall                 Tmut/Erth      9%           9%          2
 Petrify                  Tmut/Erth      11%          50%         4
 Lee's Rapid Deconstruct  Erth           9%           54%         5


Dungeon Overview and Level Annotations

Branches:
Dungeon (2/15)

Altars:


Innate Abilities, Weirdness & Mutations

You are resistant to torment.
Your stone body is resilient. (AC +3)
You are immune to poison.
You resist negative energy. (rN+)
You are resistant to electric shocks. (rElec)
You can survive without breathing.
You are immune to petrification.
You are immune to miasma.


Message History

The hobgoblin hits you with a +0 club.
* * * LOW HITPOINT WARNING * * *
The kobold closely misses you. The goblin hits you but does no damage.
You hit the hobgoblin.
You kill the hobgoblin!
The kobold hits you but does no damage. The goblin hits you but does no damage.
Things that are here:
a +0 club; a hobgoblin corpse The kobold hits you.
* * * LOW HITPOINT WARNING * * *
A frilled lizard comes into view.
A leopard gecko comes into view.
The leopard gecko moves out of view.
The frilled lizard hisses angrily.
The adder closely misses you. The adder bites you but does no damage.
The adder bites you.
* * * LOW HITPOINT WARNING * * *
The adder bites you.
You die...

#......#.#..##...#...
#...l....#.###...#...
#....).###.###..##...
#....)l# #......###..
#....g.###.....## #..
#...K....#...### #..
####.#####.#### ##. #S#
#....#### #. #@#
###.......#### #.#
#...).......## #.#
#.#..†.......#
######.###.#.###†####..
##.....<....#.# #...##..
##...........#.# #....#..
#...)........#.###....#..
#............#..##.......
#...........>#..#######..


You could see an adder, a leopard gecko, a goblin, a kobold and a frilled
lizard.

Vanquished Creatures
  An ooze (D:1)
  A worm (D:2)
  A dart slug (D:1)
  4 leopard geckos (D:2)
  3 giant cockroaches
  4 goblins
  9 hobgoblins
  4 jackals (D:2)
  A quokka (D:2)
  4 bats
  3 frilled lizards
  6 kobolds
  12 rats
53 creatures vanquished.

Notes
Turn   | Place    | Note
-------+----------+-------------------------------------------
     0 | D:1      | wakim the Gargoyle Earth Elementalist began the quest for
                  | the Orb.
     0 | D:1      | Reached XP level 1. HP: 10/10 MP: 3/3
   120 | D:1      | Reached XP level 2. HP: 12/15 MP: 0/5
   125 | D:1      | Reached skill level 4 in Earth Magic
   768 | D:1      | Reached XP level 3. HP: 19/19 MP: 3/6
   939 | D:1      | Learned a level 3 spell: Stone Arrow
  1472 | D:2      | Reached XP level 4. HP: 21/24 MP: 2/8
  1477 | D:2      | Reached skill level 5 in Earth Magic
  1875 | D:2      | Slain by an adder

Illustrated notes

Levels and vault maps discovered:
D:1:      psy_arrival_radial02, layout_loops_ring, supply_closet_lemuel
D:2:      minmay_recursive_quarters, layout_rooms, nzn_wu_jian_council_hall,
          nicolae_qazlal_general_emergency, serial_glass, glass_columns_a,
          glass_columns_a

Skill      XL: |  1  2  3  4 |
---------------+-------------+-----
Earth Magic    | 4 5 |  5.1
Spellcasting   | 3 |  3.0
Dodging        | |  1.5
Stealth        | |  2.1
Transmutations | |  0.7

Action                   |  1- 3 |  4- 6 || total
-------------------------+-------+-------++-------
Melee: Unarmed           |     4 |       ||     4
       Short sword       |    40 |    40 ||    80
 Cast: Sandblast         |    58 |     9 ||    67
  Use: Scroll            |     1 |     5 ||     6
 Stab: Sleeping          |     1 |       ||     1
Armor: Robe              |    20 |    36 ||    56
Dodge: Dodged            |    38 |    49 ||    87

Table legend: (Time is in decaauts)
 A = Elapsed time spent in this place.
 B = Non-inter-level travel time spent in this place.
 C = Inter-level travel time spent in this place.
 D = Time resting spent in this place.
 E = Time spent auto-exploring this place.
 F = Levels seen in this place.
 G = Mean time per level.
                   A        B        C        D        E       F      G
               +--------+--------+--------+--------+--------+-----+--------+
         Total |   1882 |   1744 |    138 |      0 |   1310 |   2 |  941.0 |
       Dungeon |   1882 |   1744 |    138 |      0 |   1310 |   2 |  941.0 |
               +--------+--------+--------+--------+--------+-----+--------+

Top non-repeatable levels by time:
     D:1: 1128 daAuts
     D:2: 753 daAuts
